 Dungeon Crawl Stone Soup version 0.22-a0-305-gd21a89c (webtiles) character file.

53 mjkily the Skirmisher (level 3, 0/40 HPs)
             Began as an Ogre Berserker on Mar 31, 2018.
             Was a Follower of Trog.
             Slain by an adder (3 damage)
             ... on level 2 of the Dungeon.
             The game lasted 00:06:51 (1349 turns).

mjkily the Skirmisher (Ogre Berserker)              Turns: 1349, Time: 00:06:51

Health: 0/40       AC:  3    Str: 22    XL:     3   Next: 87%
Magic:  3/3        EV: 10    Int:  8    God:    Trog [*.....]
Gold:   141        SH:  0    Dex:  8    Spells: 2/2 levels left

rFire    . . .     SeeInvis .   m - +0 short sword
rCold    . . .     Gourm    .   (no shield)
rNeg     . . .     Faith    .   b - +0 animal skin
rPois    .         Spirit   .   (helmet restricted)
rElec    .         Reflect  .   (no cloak)
rCorr    .         Harm     .   (gloves unavailable)
MR       .....                  (boots unavailable)
Stlth    +.........             (no amulet)
HPRegen  0.13/turn              (no ring)
MPRegen  0.08/turn              (no ring)

@: lethally poisoned (0 -> -17)
A: large, unfitting armour, tough skin 1
a: Berserk, Renounce Religion


You were on level 2 of the Dungeon.
You worshipped Trog.
Trog was aware of your devotion.
You were not hungry.

You visited 1 branch of the dungeon, and saw 2 of its levels.

You collected 141 gold pieces.

Inventory:

Hand Weapons
 a - a +0 short sword
 k - a +0 hand axe
 m - a +0 short sword (weapon)
Missiles
 g - 28 stones (quivered)
Armour
 b - a +0 animal skin (worn)
Scrolls
 e - 2 scrolls of enchant weapon {unknown}
 h - 2 scrolls of teleportation {unknown}
 i - a scroll of fear {unknown}
 j - 2 scrolls of identify {unknown}
 n - a scroll of noise {unknown}
 o - a scroll of enchant armour {unknown}
Potions
 d - 2 potions of magic {unknown}
 f - a potion of haste {unknown}
 l - a potion of might {unknown}
Comestibles
 c - 2 rations


   Skills:
 + Level 4.4 Fighting
 + Level 3.1 Short Blades
 + Level 0.1 Axes
 + Level 1.3 Throwing
 + Level 3.3 Dodging
 + Level 0.1 Stealth


You had 2 spell levels left.
You didn't know any spells.

Dungeon Overview and Level Annotations

Branches:
Dungeon (2/15)

Altars:


Innate Abilities, Weirdness & Mutations

You are too large for most types of armour.
You have tough skin. (AC +1)


Message History

The adder poisons you! The adder bites you.
You closely miss the adder.
The adder is lightly wounded.
You feel sick. The adder bites you.
* * * LOW HITPOINT WARNING * * *
You are lethally poisoned!
The adder poisons you! The adder bites you.
* * * LOW HITPOINT WARNING * * *
The adder bites you but does no damage.
You miss the adder.
* * * LOW HITPOINT WARNING * * *
You feel sick. The adder misses you. The adder bites you.
* * * LOW HITPOINT WARNING * * *
You are more poisoned.
The adder poisons you! The adder bites you but does no damage.
You hit the adder.
The adder is moderately wounded.
* * * LOW HITPOINT WARNING * * *
You feel sick. The adder barely misses you. The adder bites you.
You die...

#......## #.#
#.####..# ...
.........##
.#..####..# #
..##.# ##### #
...#.##....# #.
#S.#....# #.#
##S##.#..#
#..####S@#(.#..#
#####.....(..(##..#
).......###..###..#
#####.#..÷........#
# #<########.## #
#<########.#
#.#†.........#
#...##########
#####


You could see 3 adders.

Vanquished Creatures
  2 adders (D:2)
  2 leopard geckos
  5 bats
  A giant cockroach (D:1)
  5 goblins
  4 hobgoblins
  A ball python (D:1)
  2 frilled lizards
  6 kobolds (D:1)
  3 rats
31 creatures vanquished.

Notes
Turn   | Place    | Note
-------+----------+-------------------------------------------
     0 | D:1      | mjkily the Ogre Berserker began the quest for the Orb.
     0 | D:1      | Reached XP level 1. HP: 24/24 MP: 1/1
   144 | D:1      | Reached XP level 2. HP: 18/32 MP: 2/2
   925 | D:1      | Reached XP level 3. HP: 40/40 MP: 3/3
  1154 | D:2      | Reached skill level 1 in Throwing
  1349 | D:2      | Slain by an adder

Vault maps used:
D:1:      eino_arrival_druids_welcome
D:2:      first_ration, minivault_4, minmay_close_crescents

Skill      XL: |  1  2  3 |
---------------+----------+-----
Short Blades   | 3 |  3.1
Dodging        | 3 |  3.3
Throwing       | 1 |  1.3
Fighting       | |  4.4
Axes           | |  0.1
Stealth        | |  0.1

Action                   || total
-------------------------++-------
Melee: Short sword       ||    85
       Hand axe          ||    24
Throw: Stone             ||    74
Invok: Berserk           ||     1
  Eat: Chunk             ||     2
Armor: Animal skin       ||    65
Dodge: Dodged            ||    91

Table legend:
 A = Spawn XP
 B = Non-spawn XP
 C = Spawn XP percentage of total XP
 D = Spawn monster count
 E = Non-spawn monster count
 F = Spawn count percentage of total count
 G = Total turns spent on level
                    A         B        C        D         E        F      G
               +---------+---------+-------+---------+---------+-------+---------
         Total |       0 |      76 |   0.0 |       0 |      31 |   0.0 |  1349
               +---------+---------+-------+---------+---------+-------+---------
           D:1 |       0 |      34 |   0.0 |       0 |      20 |   0.0 |  1035
           D:2 |       0 |      42 |   0.0 |       0 |      11 |   0.0 |   314
               +---------+---------+-------+---------+---------+-------+---------
